 Dungeon Crawl Stone Soup version 0.29.0-4-gdea44cf6ec (webtiles) character file.

Game seed: 16814202184248649417

83 qw the Chopper (level 4, -2/26 HPs)
             Began as a Tengu Warper on Aug 28, 2022.
             Slain by a scorpion (6 damage)
             ... on level 2 of the Dungeon.
             The game lasted 00:00:13 (2298 turns).

qw the Chopper (Tengu Warper)                       Turns: 2298, Time: 00:00:13

Health: -2/26      AC:  8    Str: 13    XL:     4   Next: 44%
Magic:  8/8        EV:  6    Int: 13    God:
Gold:   120        SH:  0    Dex: 14    Spells: 7/7 levels left

rFire   . . .      SeeInvis .   Y - +0 hand axe
rCold   . . .      Faith    .   (no shield)
rNeg    . . .      Spirit   .   j - +0 chain mail
rPois   .          Reflect  .   (helmet restricted)
rElec   .          Harm     .   (no cloak)
rCorr   .          Rampage  .   (no gloves)
Will    .....                   (boots unavailable)
Stlth   ..........              (no amulet)
HPRegen 0.08/turn               (no ring)
MPRegen 0.11/turn               (no ring)

@: lethally poisoned (-2 -> -6), about to teleport
A: beak, talons 3
a: no special abilities


You were on level 2 of the Dungeon.
You visited 1 branch of the dungeon, and saw 4 of its levels.

You collected 120 gold pieces.


Innate Abilities, Weirdness & Mutations

You have a beak for a mouth.
You have claws for feet.


   Skills:
 - Level 2.0 Fighting
 + Level 5.0 Axes
 - Level 1.0 Throwing
 - Level 1.1 Armour
 - Level 2.1 Dodging
 - Level 2.0 Spellcasting
 - Level 2.4 Translocations


You had 7 spell levels left.
You didn't know any spells.
Your spell library contained the following spells:

 Spells                   Type           Power      Damage    Failure   Level
 Blink                    Tloc           14%        N/A       99%         2
 Gell's Gravitas          Tloc           7%         N/A       100%        3
 Lesser Beckoning         Tloc           7%         N/A       100%        3
 Teleport Other           Tloc           7%         N/A       100%        3
 Manifold Assault         Tloc           7%         N/A       100%        5

Inventory:

Hand Weapons
 k - a +0 mace of protection
 Y - a +0 hand axe (weapon)
Armour
 j - a +0 chain mail (worn)
Scrolls
 a - a scroll of identify
 f - 3 scrolls of teleportation
Potions
 b - a potion of attraction {unknown}
 c - a potion of curing {unknown}
 e - a potion of cancellation {unknown}
 g - a potion of might {unknown}
 h - a potion of berserk rage {unknown}
 i - a potion of brilliance {unknown}
 l - a potion of heal wounds {unknown}

Dungeon Overview and Level Annotations

Branches:
Dungeon (4/15)
 Temple: D:4-7

Altars:
Fedhas


Message History

The scorpion is heavily wounded.
The scorpion closely misses you.
You hit the scorpion but do no damage. Your kick misses the scorpion.
You peck the scorpion, but do no damage.
You punch the scorpion, but do no damage.
The scorpion is heavily wounded.
The scorpion stings you but does no damage.
An orc comes into view. It is wielding a +0 hand axe.
The scorpion barely misses you.
2291 ||| STAIRDANCE The orc shouts!
You hear an angry hiss.
The scorpion stings you but does no damage.
You climb upwards.
There is a stone staircase leading down here.
You hit the scorpion but do no damage.
You peck the scorpion, but do no damage.
The scorpion is heavily wounded.
The scorpion stings you.
You hit the scorpion but do no damage. Your kick misses the scorpion.
Your peck misses the scorpion.
The scorpion is heavily wounded.
The scorpion stings you.
You are poisoned.
The scorpion poisons you!
You hit the scorpion but do no damage.
The scorpion is heavily wounded.
You feel very sick. The scorpion stings you.
The scorpion stings you but does no damage.
You hit the scorpion but do no damage. Your kick misses the scorpion.
The scorpion is heavily wounded.
You feel sick. The scorpion stings you.
You hit the scorpion but do no damage. Your kick misses the scorpion.
The scorpion is heavily wounded.
You feel sick. The scorpion stings you.
2298 ||| READING 4 scrolls of teleportation.
As you read the scroll of teleportation, it crumbles to dust.
You feel strangely unstable.
You feel sick. The scorpion stings you.
You die...

#########
........#
........#
........#
........#
.#########
.........#########
...............s@#
####......######.#
## #...........#.#
.# #....)....#.#.#
.# #.......#.#.#.#
.# #.......#+#.[.#
## #######.....#.#
# #.....#.#######
# #.....'.......#


You could see a scorpion.

Vanquished Creatures
  Jessica (D:2)
  An adder (D:2)
  A worm (D:3)
  4 bats
  2 endoplasms
  2 giant cockroaches
  4 goblins
  9 hobgoblins
  8 kobolds
  2 quokkas (D:2)
  A ball python (D:1)
  3 frilled lizards
  5 rats
43 creatures vanquished.

Vanquished Creatures (others)
  2 plants (D:1)
2 creatures vanquished.

Grand Total: 45 creatures vanquished

Notes
Turn   | Place    | Note
-------+----------+-------------------------------------------
     0 | D:1      | qw the Tengu Warper began the quest for the Orb.
     0 | D:1      | Reached XP level 1. HP: 12/12 MP: 4/4
     0 | D:1      | 0 ||| qw: Version: 0.1-a-89-g26bdef1
     0 | D:1      | 0 ||| qw: Game counter: 799
     0 | D:1      | 0 ||| qw: Always use a shield: true
     0 | D:1      | 0 ||| qw: God list: Okawaru
     0 | D:1      | 0 ||| qw: Allow faded altars: false
     0 | D:1      | 0 ||| qw: Do Orc after D:15 true
     0 | D:1      | 0 ||| qw: Do second Lair branch before Depths: true
     0 | D:1      | 0 ||| qw: Lair rune preference: random
     0 | D:1      | 0 ||| qw: Plans: Normal
     0 | D:1      | 0 ||| PLANNING D:1-11
     2 | D:1      | Noticed an ogre
     2 | D:1      | Noticed a demigod
     4 | D:1      | Noticed a formicid
     4 | D:1      | Noticed a draconian
     6 | D:1      | Noticed a vine stalker
     8 | D:1      | Noticed an elf
    10 | D:1      | Noticed a human
    12 | D:1      | Noticed a merfolk
    12 | D:1      | Noticed a vampire
    14 | D:1      | Noticed a spriggan
    14 | D:1      | Noticed a felid
    16 | D:1      | Noticed a troll
    16 | D:1      | Noticed a minotaur
    18 | D:1      | Noticed a palentonga
    18 | D:1      | Noticed a meteoran
    20 | D:1      | Noticed a ghoul
    20 | D:1      | Noticed a demonspawn
    22 | D:1      | Noticed a gargoyle
    22 | D:1      | Noticed an octopode
    24 | D:1      | Noticed a meteoran
    24 | D:1      | Noticed a tengu
    26 | D:1      | Noticed a minotaur
    65 | D:1      | Reached XP level 2. HP: 9/17 MP: 6/6
   194 | D:1      | 194 ||| Stepping ~*~*~tactically~*~*~ (stealth).
   240 | D:1      | Reached skill level 3 in Axes
   707 | D:1      | 707 ||| Stepping ~*~*~tactically~*~*~ (stealth).
   864 | D:1      | 864 ||| Stepping ~*~*~tactically~*~*~ (stealth).
   871 | D:1      | Reached XP level 3. HP: 19/21 MP: 7/7
   982 | D:1      | 982 ||| DROPPING +0 club.
  1176 | D:1      | 1176 ||| READING 2 scrolls labelled LOIFINUOLUO.
  1177 | D:1      | 1177 ||| READING 2 scrolls labelled ITZUH QAUPO.
  1182 | D:1      | 1182 ||| READING scroll labelled GAICEF NOFONAJ.
  1183 | D:1      | 1183 ||| DROPPING scroll of blinking.
  1318 | D:2      | Reached skill level 4 in Axes
  1650 | D:2      | 1650 ||| DROPPING +0 whip.
  1683 | D:2      | You fall into a shaft and drop 2 floors!
  1684 | D:4      | 1684 ||| UPGRADING to +0 ring mail.
  1694 | D:4      | 1694 ||| DROPPING +0 leather armour.
  1703 | D:3      | Found a blossoming altar of Fedhas.
  2177 | D:2      | 2177 ||| UPGRADING to +0 chain mail.
  2187 | D:2      | 2187 ||| DROPPING +0 ring mail.
  2194 | D:3      | Noticed Jessica
  2195 | D:3      | 2195 ||| STAIRDANCE
  2195 | D:3      | Noticed a scorpion
  2200 | D:3      | 2200 ||| STAIRDANCE
  2205 | D:2      | 2205 ||| Stepping ~*~*~tactically~*~*~ (hiding).
  2206 | D:2      | 2206 ||| Stepping ~*~*~tactically~*~*~ (hiding).
  2214 | D:2      | Killed Jessica
  2215 | D:2      | Reached skill level 5 in Axes
  2215 | D:2      | Reached XP level 4. HP: 20/26 MP: 8/8
  2291 | D:3      | 2291 ||| STAIRDANCE
  2297 | D:2      | HP: 5/26 [scorpion (3)]
  2298 | D:2      | 2298 ||| READING 4 scrolls of teleportation.
  2298 | D:2      | Slain by a scorpion

Levels and vault maps discovered:
D:1:      kb_arrival_jail, layout_basic, serial_bayou_pond_d
D:2:      layout_basic
D:3:      layout_basic, mainiacjoe_overflow_cross_hatched,
          mainiacjoe_overflow_boulevard, uniq_jessica
D:4:      layout_cave_pods, nicolae_ru_the_path_less_chosen,
          minmay_misc_feat_hallway

Skill      XL: |  1  2  3 |
---------------+----------+-----
Axes           | 3 5 |  5.0
Fighting       | |  2.0
Throwing       | |  1.0
Armour         | |  1.1
Dodging        | |  2.1
Spellcasting   | |  2.0
Translocations | |  2.4

Action                   |  1- 3 |  4- 6 || total
-------------------------+-------+-------++-------
Melee: Hand axe          |   109 |     9 ||   118
       Kick              |    23 |     2 ||    25
       Peck              |    14 |     2 ||    16
       Punch             |       |     1 ||     1
Throw: Boomerang         |     7 |       ||     7
  Use: Scroll            |     3 |     1 ||     4
Armor: Leather armour    |    16 |       ||    16
       Ring mail         |     8 |       ||     8
       Chain mail        |     4 |     7 ||    11
Dodge: Dodged            |    57 |     2 ||    59

Table legend:
 A = Non-vault XP
 B = Vault XP
 C = Vault XP percentage of total XP
 D = Non-vault monster count
 E = Vault monster count
 F = Vault count percentage of total count
                 A         B        C        D         E       F
            +---------+---------+-------+---------+---------+-------
      Total |      82 |      37 |  31.1 |      42 |       1 |   2.3
            +---------+---------+-------+---------+---------+-------
        D:1 |      41 |       0 |   0.0 |      25 |       0 |   0.0
        D:2 |      31 |      37 |  54.4 |      13 |       1 |   7.1
        D:3 |      10 |       0 |   0.0 |       4 |       0 |   0.0
            +---------+---------+-------+---------+---------+-------
